 Dungeon Crawl Stone Soup version 0.21.1-1-g345015f (webtiles) character file.

71 Wander the Insei (level 4, 32/32 HPs)
             Began as a Demonspawn Transmuter on May 5, 2018.
             Quit the game on level 3 of the Dungeon.
             The game lasted 00:04:08 (2154 turns).

Wander the Insei (Demonspawn Transmuter)            Turns: 2154, Time: 00:04:08

Health: 32/32      AC:  3    Str: 10    XL:     4   Next: 5%
Magic:  7/7        EV: 12    Int: 16    God:
Gold:   157        SH:  0    Dex: 15    Spells: 6/7 levels left

rFire    . . .     SeeInvis .     - Unarmed
rCold    . . .     Gourm    .   (no shield)
rNeg     . . .     Faith    .   m - +0 leather armour
rPois    .         Spirit   .   (no helmet)
rElec    .         Reflect  .   (no cloak)
rCorr    .         Harm     .   (no gloves)
MR       .....                  (no boots)
Stlth    +.........             (no amulet)
HPRegen  0.10/turn              p - +2 ring of dexterity
MPRegen  0.10/turn              (no ring)

@: no status effects
A: spiny 1, sturdy frame 1
a: no special abilities


You were on level 3 of the Dungeon.
You were not hungry.

You visited 1 branch of the dungeon, and saw 3 of its levels.

You collected 157 gold pieces.

Inventory:

Missiles
 a - 12 arrows
Armour
 b - a +0 robe
 m - a +0 leather armour (worn)
Jewellery
 p - a +2 ring of dexterity (left hand)
Scrolls
 e - 3 scrolls of teleportation {unknown}
 g - 3 scrolls of identify {unknown}
 h - a scroll of fear {unknown}
 j - 2 scrolls of remove curse {unknown}
 k - a scroll of random uselessness {unknown}
Potions
 f - a potion of resistance {unknown}
 i - a potion of flight {unknown}
 l - 2 potions of heal wounds {unknown}
 n - 2 potions of curing {unknown}
Books
 c - a book of Changes

   Spells                             Type                      Level
   a - Beastly Appendage              Transmutation                1
   b - Sticks to Snakes               Transmutation                2
   c - Spider Form                    Transmutation/Poison         3
   d - Ice Form                       Ice/Transmutation            4
   e - Blade Hands                    Transmutation                5
Comestibles
 d - 6 rations
 o - 3 chunks of flesh


   Skills:
 - Level 1.0 Fighting
 - Level 1.7 Dodging
 + Level 4.2 Unarmed Combat
 - Level 2.0 Spellcasting
 + Level 2.2 Transmutations


You had 6 spell levels left.
You knew the following spells:

 Your Spells              Type           Power        Failure   Level  Hunger
a - Beastly Appendage     Tmut           #.....       9%          1    #......


Dungeon Overview and Level Annotations

Branches:
Dungeon (3/15)

Altars:
Xom


Innate Abilities, Weirdness & Mutations

You are partially covered in sharp spines.
Your movements are slightly less encumbered by armour. (ER -2)


Message History

The giant cockroach is struck by your spines.
You kill the giant cockroach!
No target in view!
No target in view!
A bat comes into view.
A bat is nearby!
Found an emerald potion.
You see here a giant cockroach corpse.
The bat is struck by your spines. The bat hits you but does no damage.
You barely miss the bat.
The bat is severely wounded.
The bat hits you but does no damage.
You closely miss the bat.
The bat is severely wounded.
The bat hits you but does no damage. The bat is struck by your spines.
You kill the bat!
No target in view!
No target in view!
Are you sure you want to abandon this character and quit the game? (Confirm with "yes".)

##............##
........
#............##
........
#.............#
........
#.#......?.##..
.......
............#####.
......#
..##...............
....>.. ..
#.........######
....... #.......†.#
####..# #......@..#
#..# #..........#
#... #..........#
#... ...........#
#..# #..........#
#. #..........#
#.........!#
#..........#


There were no monsters in sight!

Vanquished Creatures
  An adder (D:3)
  2 oozes
  A worm (D:2)
  2 dart slugs (D:1)
  A leopard gecko (D:1)
  2 orcs (D:2)
  4 bats
  3 giant cockroaches
  6 goblins
  6 hobgoblins
  3 kobolds
  2 frilled lizards
  7 rats
40 creatures vanquished.

Notes
Turn   | Place    | Note
-------+----------+-------------------------------------------
     0 | D:1      | Wander the Demonspawn Transmuter began the quest for the Orb.
     0 | D:1      | Reached XP level 1. HP: 15/15 MP: 3/3
   140 | D:1      | Reached skill level 3 in Unarmed Combat
   411 | D:1      | Gained mutation: You are partially covered in sharp spines. [demonic ancestry]
   411 | D:1      | Reached XP level 2. HP: 18/21 MP: 5/5
  1396 | D:2      | Gained mutation: Your movements are slightly less encumbered by armour. (ER -2) [demonic ancestry]
  1396 | D:2      | Reached XP level 3. HP: 15/26 MP: 6/6
  1677 | D:2      | Found a shimmering altar of Xom.
  1947 | D:3      | Reached skill level 4 in Unarmed Combat
  2113 | D:3      | Reached XP level 4. HP: 29/32 MP: 5/7
  2154 | D:3      | Quit the game

Skill      XL: |  1  2  3 |
---------------+----------+-----
Unarmed Combat | 3 4 |  4.2
Transmutations | 2 |  2.2
Fighting       | |  1.0
Dodging        | |  1.7
Spellcasting   | |  2.0

Action                   |  1- 3 |  4- 6 || total
-------------------------+-------+-------++-------
Melee: Unarmed           |   102 |     3 ||   105
       Kick              |     4 |       ||     4
       Headbutt          |     1 |       ||     1
 Cast: Beastly Appendage |     7 |       ||     7
 Stab: Sleeping          |     1 |       ||     1
  Eat: Chunk             |     4 |       ||     4
Armor: Robe              |    13 |       ||    13
       Leather armour    |     4 |     3 ||     7
Dodge: Dodged            |    42 |     1 ||    43
